 Dungeon Crawl Stone Soup version 0.21-a0-444-g29a2fec (webtiles) character file.

36 Kilingo the Skirmisher (level 3, -2/40 HPs)
             Began as an Ogre Berserker on Nov 17, 2017.
             Was a Follower of Trog.
             Slain by an orc wizard
             ... wielding a +0 dagger
              (3 damage)
             ... on level 2 of the Dungeon.
             The game lasted 00:12:18 (1241 turns).

Kilingo the Skirmisher (Ogre Berserker)             Turns: 1241, Time: 00:12:19

Health: -2/40      AC:  3    Str: 21    XL:     3   Next: 37%
Magic:  3/3        EV: 10    Int:  9    God:    Trog [*.....]
Gold:   44         SH:  0    Dex:  8    Spells: 2/2 levels left

rFire    . . .     SeeInvis .   a - +0 mace
rCold    . . .     Gourm    .   (no shield)
rNeg     . . .     Faith    .   b - +0 animal skin
rPois    .         Spirit   .   (helmet restricted)
rElec    .         Reflect  .   (no cloak)
rCorr    .         Harm     .   (gloves unavailable)
MR       .....                  (boots unavailable)
Stlth    +.........             (no amulet)
HPRegen  0.13/turn              (no ring)
MPRegen  0.08/turn              (no ring)

@: berserk cooldown, slowed, very slow
A: unfitting armour, tough skin 1
a: Berserk, Burn Spellbooks, Renounce Religion


You were on level 2 of the Dungeon.
You worshipped Trog.
Trog was aware of your devotion.
You were hungry.

You visited 1 branch of the dungeon, and saw 2 of its levels.

You collected 44 gold pieces.

Inventory:

Hand Weapons
 a - a +0 mace (weapon)
Missiles
 e - 5 needles of confusion
 g - 26 stones (quivered)
Armour
 b - a +0 animal skin (worn)
Scrolls
 d - a scroll of identify {unknown}
 f - a scroll of fear {unknown}
 o - a scroll of immolation {unknown}
Potions
 l - a potion of heal wounds {unknown}
 m - a potion of brilliance
Comestibles
 c - a bread ration
 h - a meat ration
 i - a royal jelly
 j - 7 fruits
 n - a chunk of flesh


   Skills:
 + Level 4.5 Fighting
 + Level 3.1 Maces & Flails
 + Level 0.4 Throwing
 + Level 3.1 Dodging


You had 2 spell levels left.
You didn't know any spells.

Dungeon Overview and Level Annotations

Branches:
Dungeon (2/15)

Altars:


Innate Abilities, Weirdness & Mutations

You are too large for most types of armour.
You have tough skin. (AC +1)


Message History

The orc hits you with a mace!
You see here a stone.
The orc hits you but does no damage. The orc completely misses you.
You're too confused to move!
You feel less confused.
You hear some strange, mumbled words.
You are confused.
The orc misses you.
You feel better. The orc hits you. The orc hits you with a mace.
The orc closely misses you. Something hits you.
Okay, then.
Something hits you.
* * * LOW HITPOINT WARNING * * *
You hear some strange, mumbled words.
A puff of flame appears from out of thin air!
The puff of flame hits you!
* * * LOW HITPOINT WARNING * * *
There is a stone staircase leading up, spattered with blood here.
Something hits you.
You die...

............... ...#....#.(...
........#....# ..........#..#
......>..###.#
#....(.###.#####
#...#..##......##
#......(........## .# .#
#..###..o.@......# .#..#
#..........o)......#####.....
#.......................#.#..
#............รท.....#.........
# ...####.................#
... ##..............#.#.. ..
#....................
##..............#.....
.................[......


You could see 2 orcs.

Vanquished Creatures
  An ooze (D:1)
  2 dart slugs (D:1)
  A leopard gecko (D:1)
  A bat (D:1)
  2 giant cockroaches (D:1)
  A goblin (D:1)
  5 hobgoblins (D:1)
  A ball python (D:1)
  5 kobolds
  9 rats
  A fungus (D:1)
29 creatures vanquished.

Notes
Turn   | Place    | Note
-------+----------+-------------------------------------------
     0 | D:1      | Kilingo the Ogre Berserker began the quest for the Orb.
     0 | D:1      | Reached XP level 1. HP: 24/24 MP: 1/1
   302 | D:1      | Reached XP level 2. HP: 32/32 MP: 2/2
   489 | D:1      | Reached XP level 3. HP: 38/40 MP: 3/3
  1239 | D:2      | HP: 1/40 [something/puff of flame (10)]
  1241 | D:2      | Slain by an orc wizard

Vault maps used:
D:1:      dpeg_cavernosity, minmay_misc_feat_x
D:2:      kennysheep_slug_shrine, lemuel_doored_altar

Skill      XL: |  1  2 |
---------------+-------+-----
Dodging        | 3 |  3.1
Maces & Flails | 3 |  3.1
Fighting       | |  4.5
Throwing       | |  0.4

Action                   || total
-------------------------++-------
Melee: Mace              ||    74
Throw: Stone             ||    49
Invok: Berserk           ||     1
  Use: Potion            ||     3
  Eat: Chunk             ||     1
Armor: Animal skin       ||    16
Dodge: Dodged            ||    35

Table legend:
 A = Spawn XP
 B = Non-spawn XP
 C = Spawn XP percentage of total XP
 D = Spawn monster count
 E = Non-spawn monster count
 F = Spawn count percentage of total count
 G = Total turns spent on level
                    A         B        C        D         E        F      G
               +---------+---------+-------+---------+---------+-------+---------
         Total |       0 |      52 |   0.0 |       0 |      28 |   0.0 |  1241
               +---------+---------+-------+---------+---------+-------+---------
           D:1 |       0 |      49 |   0.0 |       0 |      25 |   0.0 |  1143
           D:2 |       0 |       3 |   0.0 |       0 |       3 |   0.0 |    98
               +---------+---------+-------+---------+---------+-------+---------
